 Dungeon Crawl Stone Soup version 0.30-a0-1157-g2cc9ac7196 (webtiles) character file.

Game seed: 1638149047342462685

1313 voltaire321 the Shield-Bearer (level 8, -15/71 HPs)
             Began as a Minotaur Fighter on Apr 24, 2023.
             Was a Follower of Wu Jian.
             Killed from afar by Maggie (26 damage)
             ... with a bolt of fire
             ... on level 6 of the Dungeon.
             The game lasted 00:08:24 (4516 turns).

voltaire321 the Shield-Bearer (Minotaur Fighter)    Turns: 4516, Time: 00:08:25

Health: -15/71     AC: 10    Str: 23    XL:     8   Next: 32%
Magic:  7/7        EV: 11    Int:  5    God:    Wu Jian [*.....]
Gold:   241        SH:  5    Dex: 10    Spells: 7/7 levels left

rFire   . . .        A - +2 hand axe (heavy)
rCold   . . .        c - +0 buckler
rNeg    . . .        b - +0 scale mail
rPois   .            (helmet restricted)
rElec   .            (no cloak)
rCorr   .            u - +0 pair of gloves
SInv    .            o - +0 pair of boots
Will    .....        (no amulet) Stlth
                     (no ring)
HPRegen 0.31/turn    (no ring)
MPRegen 0.10/turn

%: no passive effects
@: no status effects
A: horns 2, retaliatory headbutt
a: Renounce Religion


You were on level 6 of the Dungeon.
You worshipped Wu Jian.
Wu Jian was aware of your devotion.
You visited 2 branches of the dungeon, and saw 7 of its levels.
You also visited: Sewer.

You collected 241 gold pieces.

Inventory:

Hand Weapons
 a - a +0 war axe
 A - a +2 heavy hand axe (weapon)
Missiles
 C - 2 throwing nets (quivered)
Armour
 b - a +0 scale mail (worn)
 c - a +0 buckler (worn)
 o - a +0 pair of boots (worn)
 u - a +0 pair of gloves (worn)
Jewellery
 E - a +6 ring of intelligence
Wands
 y - a wand of acid (12)
 D - a wand of charming (7)
Scrolls
 e - 2 scrolls of fog {unknown}
 f - a scroll of teleportation {unknown}
 h - 2 scrolls of poison {unknown}
 j - 2 scrolls of enchant armour {unknown}
 m - 2 scrolls of butterflies {unknown}
 q - a scroll of noise {unknown}
 s - 3 scrolls of identify {unknown}
 v - a scroll of blinking
 w - 2 scrolls of immolation {unknown}
 F - a scroll of enchant weapon {unknown}
Potions
 d - 2 potions of might
 g - a potion of flight {unknown}
 i - 2 potions of lignification {unknown}
 k - 2 potions of resistance {unknown}
 l - a potion of mutation {unknown}
 n - 3 potions of curing {unknown}
 p - a potion of ambrosia {unknown}
 r - 3 potions of attraction {unknown}
 t - a potion of cancellation {unknown}
 z - a potion of degeneration {unknown}
 B - 2 potions of berserk rage {unknown}
Miscellaneous
 x - a phantom mirror


   Skills:
 + Level 6.4 Fighting
 + Level 5.8 Axes
 + Level 6.3 Armour
 + Level 4.5 Dodging
 + Level 6.5 Shields
 + Level 1.5 Evocations


You had 7 spell levels left.
You didn't know any spells.
Your spell library was empty.

Dungeon Overview and Level Annotations

Branches:
Dungeon (6/15)             Temple (1/1) D:4           Sewer (visited)

Altars:
Ashenzari
Dithmenos
Elyvilon
Fedhas
Gozag
Kikubaaqudgha
Makhleb
Nemelex Xobeh
Okawaru
Qazlal
Ru
Sif Muna
Trog
Vehumet
Wu Jian
Xom
Yredelemnul
Zin

Shops:
D:1 [

Annotations:
D:6 Maggie


Innate Abilities, Weirdness & Mutations

You have a pair of horns on your head.
You reflexively headbutt those who attack you in melee.


Message History

Maggie burns you. You block Maggie's attack.
You barely miss Maggie.
Maggie is moderately wounded.
Maggie gestures at you while chanting. The bolt of fire misses you.
You barely miss Maggie.
Maggie is moderately wounded.
Maggie says, "Did Master Lance send you?"
Maggie hits you but does no damage. Maggie barely misses you.
You furiously retaliate!
You headbutt Maggie. You hit Maggie.
Maggie is heavily wounded.
Maggie closely misses you.
You barely miss Maggie.
Maggie is heavily wounded.
Maggie closely misses you. You furiously retaliate!
You headbutt Maggie!
Maggie practices a pose.
Maggie closely misses you.
You barely miss Maggie.
Maggie is severely wounded.
Maggie completely misses you.
You slash Maggie!
Maggie is almost dead.
You break out of your daze.
Maggie hits you with a +3 glaive of flaming.
Maggie burns you. Maggie misses you.
You hit Maggie.
Maggie is almost dead.
Maggie hits you with a +3 glaive of flaming!
* * * LOW HITPOINT WARNING * * *
Maggie burns you.
* * * LOW HITPOINT WARNING * * *
You closely miss Maggie.
Maggie is almost dead.
Maggie gestures wildly while chanting.
Maggie attempts to bespell you! You resist with almost no effort.
Maggie mumbles the words to a spell, but in the wrong order.
Maggie points at you and mumbles some strange words.
The bolt of fire hits you!!
You die...

.. .. #######.# #..
.#..# . #.......# #..#
.... .. ..<......#
#..##.#@ ... ##.#####.#
#..#...#....###. #.#
##..#...l.. ##...#####.#
#.......# ....#........
#.....#####......###.#.#
#.#...@@..........##.#.#
#.......#...#........#.#
###.........#..........#
#.....#.#.##.#....##..
#.........#...#.#.##.#
###.......#.......##.#
#..#........#...##..
##.#......#####.##..
#....##...........#


You could see Maggie.

Vanquished Creatures
  Sigmund (D:3)
  A water moccasin (D:5)
  An orc warrior (D:6)
  A centaur (D:4)
  A phantom (D:4)
  A kobold brigand (D:6)
  2 bullfrogs (Sewer)
  2 scorpions
  2 hounds
  2 orc priests
  A gnoll bouda (D:6)
  2 iguanas
  3 orc wizards
  2 gnolls (D:6)
  6 adders
  2 ufetubi
  A dart slug (D:1)
  15 orcs
  4 endoplasms
  12 giant cockroaches
  7 goblins
  4 hobgoblins
  6 jackals
  10 quokkas
  10 ball pythons
  8 bats
  12 frilled lizards
  16 kobolds
  4 rats
139 creatures vanquished.

Vanquished Creatures (others)
  8 plants
8 creatures vanquished.

Grand Total: 147 creatures vanquished

Notes
Turn   | Place    | Note
-------+----------+-------------------------------------------
     0 | D:1      | voltaire321 the Minotaur Fighter began the quest for the
                  | Orb.
     0 | D:1      | Reached XP level 1. HP: 19/19 MP: 0/0
   147 | D:1      | Found Zites's Antique Armour Shoppe.
   199 | D:1      | Reached XP level 2. HP: 27/27 MP: 1/1
   730 | D:2      | Reached skill level 1 in Dodging
   959 | D:2      | Reached XP level 3. HP: 33/33 MP: 2/2
  1427 | D:3      | Noticed Sigmund
  1468 | D:3      | Killed Sigmund
  1469 | D:3      | Reached XP level 4. HP: 4/41 MP: 3/3
  1469 | D:3      | Reached XP level 5. HP: 4/47 MP: 4/4
  1745 | D:3      | Found a basalt altar of Yredelemnul.
  2002 | D:4      | Found a glowing drain.
  2016 | Sewer    | Entered a sewer
  2149 | Sewer    | Reached XP level 6. HP: 48/55 MP: 5/5
  2259 | Sewer    | Reached skill level 5 in Fighting
  2259 | Sewer    | Reached skill level 5 in Armour
  2259 | Sewer    | Reached skill level 5 in Shields
  2597 | D:4      | Reached XP level 7. HP: 47/61 MP: 6/6
  2777 | D:4      | Found a shimmering blue altar of Sif Muna.
  2958 | D:4      | Found an ancient bone altar of Kikubaaqudgha.
  3126 | D:4      | Found a staircase to the Ecumenical Temple.
  3132 | Temple   | Entered the Ecumenical Temple
  3358 | Temple   | Became a worshipper of the Wu Jian Council
  3449 | D:5      | Entered Level 5 of the Dungeon
  3471 | D:5      | Reached skill level 5 in Axes
  4008 | D:5      | Found a stormy altar of Qazlal.
  4074 | D:6      | Reached XP level 8. HP: 66/70 MP: 7/7
  4155 | D:6      | Reached * piety under Wu Jian
  4158 | D:6      | Reached skill level 1 in Evocations
  4494 | D:6      | Noticed Maggie
  4516 | D:6      | Killed from afar by Maggie

Illustrated notes

Levels and vault maps discovered:
D:1:      dpeg_arrival_windows_large_door, layout_basic, serial_shops,
          nicolae_shop_back_alley_shop, minmay_indecisive_spiral
D:2:      layout_basic, serial_glass, glass_columns_a, glass_columns_a,
          glass_columns_a, glass_columns_a, glass_columns_b, glass_columns_a,
          due_unseen_surprise, item_on_display_a
D:3:      layout_basic, marbit_many_paths, minmay_misc_feat_encased,
          serial_bayou_crossing, uniq_sigmund
D:4:      layout_loops_ring, old_standard_altar, mainiacjoe_overflow_24_doors,
          minmay_temple_entry_fiery, portal_sewer_entry_d
D:5:      layout_rooms, grunt_qazlal_clouds
D:6:      layout_loops_ring, mainiacjoe_overflow_divided_tiny,
          hangedman_decor_lopped, dk_vineyard_1, lexackson_kobold_supper,
          uniq_maggie
Temple:   minmay_temple_curvy_branch

Skill      XL: |  1  2  3  4  5  6  7  8 |
---------------+-------------------------+-----
Dodging        | 1 2 3 4 |  4.5
Shields        | 4 5 6 |  6.5
Armour         | 4 5 6 |  6.3
Fighting       | 4 5 6 |  6.4
Axes           | 3 4 5 |  5.8
Evocations     | 1 |  1.5

Action                     |  1- 3 |  4- 6 |  7- 9 || total
---------------------------+-------+-------+-------++-------
  Melee: War axe           |    86 |    99 |    70 ||   255
         Headbutt          |     9 |    12 |    23 ||    44
         Hand axe          |       |       |    41 ||    41
Ability: Lunge             |       |       |     2 ||     2
         Whirlwind         |       |       |     1 ||     1
 Armour: Scale mail        |    51 |    63 |    57 ||   171
  Dodge: Dodged            |    55 |    69 |    79 ||   203
  Block: Buckler           |    26 |    28 |    36 ||    90

Table legend: (Time is in decaauts)
 A = Elapsed time spent in this place.
 B = Non-inter-level travel time spent in this place.
 C = Inter-level travel time spent in this place.
 D = Time resting spent in this place.
 E = Time spent auto-exploring this place.
 F = Levels seen in this place.
 G = Mean time per level.
                   A        B        C        D        E       F      G
               +--------+--------+--------+--------+--------+-----+--------+
         Total |   4689 |   4595 |     94 |    335 |   3146 |   8 |  586.1 |
       Dungeon |   4104 |   4022 |     82 |    335 |   2839 |   6 |  684.0 |
        Temple |    256 |    244 |     12 |      0 |    224 |   1 |  256.0 |
         Sewer |    327 |    327 |      0 |      0 |     83 |   1 |  327.0 |
               +--------+--------+--------+--------+--------+-----+--------+

Top non-repeatable levels by time:
     D:4: 1022 daAuts
     D:1: 732 daAuts
     D:2: 638 daAuts
     D:5: 628 daAuts
     D:3: 613 daAuts
     D:6: 469 daAuts
   Sewer: 327 daAuts
  Temple: 256 daAuts
